 Dungeon Crawl Stone Soup version 0.23.2-40-g277498a001 (webtiles) character file.

Game seed: 16599545711767093068

2003 FishyPogo the Magician (level 9, -1/69 HPs)
             Began as a Gnoll Skald on Oct 6, 2019.
             Was a Follower of Lugonu.
             Slain by a gnoll
             ... wielding a +0 spear
              (6 damage)
             ... on level 5 of the Dungeon.
             The game lasted 00:25:47 (4322 turns).

FishyPogo the Magician (Gnoll Skald)                Turns: 4322, Time: 00:25:47

Health: -1/69      AC:  7    Str: 15    XL:     9   Next: 22%
Magic:  17/18      EV: 21    Int: 16    God:    Lugonu [*.....]
Gold:   243        SH:  6    Dex: 21    Spells: 9/20 levels left

rFire    . . .     SeeInvis .   a - +3 flail (crush)
rCold    . . .     Gourm    .   q - +0 buckler
rNeg     . . .     Faith    +   m - +0 leather armour
rPois    .         Spirit   .   (no helmet)
rElec    .         Reflect  .   p - +0 cloak
rCorr    .         Harm     .   (no gloves)
MR       .....                  s - +1 pair of boots
Stlth    ++........             y - amulet of faith
HPRegen  0.21/turn              r - ring of flight
MPRegen  0.16/turn              D - ring of wizardry

@: agile, glowing
A: distributed training, fangs 1, strong nose
a: Depart the Abyss, Renounce Religion, Evoke Flight


You were on level 5 of the Dungeon.
You worshipped Lugonu.
Lugonu was aware of your devotion.
You were very hungry.

You visited 2 branches of the dungeon, and saw 7 of its levels.
You also visited: Sewer.

You collected 333 gold pieces.
You spent 90 gold pieces at shops.

Inventory:

Hand Weapons
 a - a +3 flail of crushing (weapon)
 b - a +4 short sword
Missiles
 h - 157 stones (quivered)
 x - 4 tomahawks
Armour
 m - a +0 leather armour (worn)
 p - a +0 cloak (worn)
 q - a +0 buckler (worn)
 s - a +1 pair of boots (worn)
Magical Staves
 f - an uncursed staff of poison
Jewellery
 r - a ring of flight (left hand)
 y - an amulet of faith (around neck)
 D - a ring of wizardry (right hand)
Wands
 w - a wand of digging (6)
Scrolls
 i - 5 scrolls of identify
 n - 10 scrolls of remove curse {unknown}
 t - a scroll of teleportation
 u - a scroll of enchant armour
 A - 2 scrolls of fear {unknown}
 B - a scroll of fog {unknown}
 C - a scroll of noise {unknown}
Potions
 c - a potion of degeneration
 e - a potion of brilliance {unknown}
 g - a potion of mutation {unknown}
 j - 3 potions of curing
 k - 2 potions of ambrosia
 l - a potion of berserk rage
 o - 2 potions of flight
 v - 3 potions of cancellation
 z - a potion of heal wounds
Comestibles
 d - 12 rations


   Skills:
 + Level 6.1 Fighting
 + Level 3.9 Short Blades
 + Level 3.9 Long Blades
 + Level 3.9 Axes
 + Level 6.1 Maces & Flails
 + Level 3.9 Polearms
 + Level 3.9 Staves
 + Level 3.9 Slings
 + Level 3.9 Bows
 + Level 3.9 Crossbows
 + Level 3.9 Throwing
 + Level 4.8 Armour
 + Level 6.1 Dodging
 + Level 3.9 Stealth
 + Level 3.9 Shields
 + Level 3.9 Unarmed Combat
 + Level 6.4 Spellcasting
 + Level 3.2 Conjurations
 + Level 3.2 Hexes
 + Level 6.4 Charms
 + Level 3.2 Summonings
 + Level 3.2 Necromancy
 + Level 3.2 Translocations
 + Level 3.2 Transmutations
 + Level 3.2 Fire Magic
 + Level 3.2 Ice Magic
 + Level 3.2 Air Magic
 + Level 3.2 Earth Magic
 + Level 3.2 Poison Magic
 + Level 4.3 Invocations
 + Level 3.9 Evocations


You had 9 spell levels left.
You knew the following spells:

 Your Spells              Type           Power        Failure   Level  Hunger
c - Regeneration          Chrm/Necr      ###.......   2%          3    ##.....
d - Infusion              Chrm           ####         1%          1    None
e - Song of Slaying       Chrm           ####....     1%          2    None
f - Shroud of Golubria    Chrm/Tloc      ###.......   1%          2    None
g - Spectral Weapon       Hex/Chrm       ###.....     2%          3    ##.....

Your spell library contained the following spells:

 Spells                   Type           Power        Failure   Level  Hunger


Dungeon Overview and Level Annotations

Branches:
Dungeon (6/15)             Temple (1/1) D:5

Altars:
Dithmenos
Elyvilon
Fedhas
Hepliaklqana
Kikubaaqudgha
Makhleb
Qazlal
Uskayaw
Vehumet
Xom
Zin
Lugonu


Innate Abilities, Weirdness & Mutations

Your experience applies equally to all skills.
You have very sharp teeth.
Your uncanny sense of smell can sniff out nearby items.


Message History

You sock the gnoll shaman!
You kill the gnoll shaman!
Lugonu accepts your kill.
You feel your dexterity returning. The gnoll hits you.
* * * LOW HITPOINT WARNING * * *
The gnoll hits you.
* * * LOW HITPOINT WARNING * * *
You sock the gnoll!
The gnoll is almost dead.
You block the gnoll's attack. The gnoll hits you.
* * * LOW HITPOINT WARNING * * *
Your spectral weapon hits the gnoll!
You kill the gnoll!
Lugonu accepts your kill. The gnoll hits you but does no damage.
It was a potion of agility.
You feel agile all of a sudden.
The gnoll hits you from afar with a +0 spear.
You die...

#........#....≈≈≈≈
##########.#......≈≈
#...................
#...............####
#.†........######
#..........#
#..........#
#..........#
#))@.......#
#.(g.......# ∆
#g.........#
#............#
#.#.........##
#.########### #


You could see 2 gnolls and a friendly spectral +3 flail of crushing.

Vanquished Creatures
  4 yaks (D:4)
  Duvessa (D:4)
  Purgy (Sewer)
  A black bear (D:6)
  A bullfrog (D:6)
  Dowan (D:4)
  2 scorpions
  A howler monkey (D:4)
  4 crimson imps
  A centaur zombie (D:5)
  A jelly (D:5)
  2 hounds
  An orc wizard (D:6)
  A gnoll shaman (D:5)
  An orc priest (D:3)
  2 bullfrog skeletons
  Ijyb (D:4)
  Natasha (thrice) (D:3)
  6 worker ants
  A hound skeleton (D:5)
  A worker ant zombie (D:6)
  Robin (D:4)
  5 adders
  3 gnolls (D:5)
  An ooze (D:5)
  2 worms (D:3)
  3 dart slugs
  3 leopard geckos
  11 orcs
  17 bats
  5 giant cockroaches
  11 goblins
  10 hobgoblins
  16 jackals
  2 quokkas
  3 ball pythons
  4 frilled lizards
  8 kobolds
  7 rats
149 creatures vanquished.

Notes
Turn   | Place    | Note
-------+----------+-------------------------------------------
     0 | D:1      | FishyPogo the Gnoll Skald began the quest for the Orb.
     0 | D:1      | Reached XP level 1. HP: 20/20 MP: 6/6
   145 | D:1      | Reached XP level 2. HP: 26/26 MP: 7/7
   443 | D:1      | Reached XP level 3. HP: 25/31 MP: 2/9
   452 | D:1      | Reached skill level 5 in Spellcasting
   456 | D:1      | Learned a level 2 spell: Song of Slaying
   459 | D:1      | Learned a level 2 spell: Shroud of Golubria
   903 | D:2      | Reached skill level 1 in Invocations
  1041 | D:2      | Found Zin's Purification Station.
  1054 | D:2      | Found a glowing silver altar of Zin.
  1189 | D:2      | Learned a level 3 spell: Regeneration
  1194 | D:2      | Learned a level 3 spell: Spectral Weapon
  1200 | D:2      | Reached skill level 1 in Short Blades
  1200 | D:2      | Reached skill level 1 in Long Blades
  1200 | D:2      | Reached skill level 1 in Axes
  1200 | D:2      | Reached skill level 1 in Polearms
  1200 | D:2      | Reached skill level 1 in Staves
  1200 | D:2      | Reached skill level 1 in Slings
  1200 | D:2      | Reached skill level 1 in Bows
  1200 | D:2      | Reached skill level 1 in Crossbows
  1200 | D:2      | Reached skill level 1 in Throwing
  1200 | D:2      | Reached skill level 1 in Stealth
  1200 | D:2      | Reached skill level 1 in Shields
  1200 | D:2      | Reached skill level 1 in Unarmed Combat
  1200 | D:2      | Reached skill level 1 in Evocations
  1320 | D:2      | Reached XP level 4. HP: 25/38 MP: 3/11
  1615 | D:2      | Bought a potion of curing for 90 gold pieces
  1623 | D:3      | Noticed Natasha
  1679 | D:3      | Killed Natasha
  1679 | D:3      | Reached skill level 1 in Conjurations
  1679 | D:3      | Reached skill level 1 in Hexes
  1679 | D:3      | Reached skill level 1 in Summonings
  1679 | D:3      | Reached skill level 1 in Necromancy
  1679 | D:3      | Reached skill level 1 in Translocations
  1679 | D:3      | Reached skill level 1 in Transmutations
  1679 | D:3      | Reached skill level 1 in Fire Magic
  1679 | D:3      | Reached skill level 1 in Ice Magic
  1679 | D:3      | Reached skill level 1 in Air Magic
  1679 | D:3      | Reached skill level 1 in Earth Magic
  1679 | D:3      | Reached skill level 1 in Poison Magic
  1805 | D:3      | Reached XP level 5. HP: 43/43 MP: 5/12
  1844 | D:3      | Noticed Natasha
  1854 | D:3      | Killed Natasha
  2117 | D:3      | Noticed Natasha
  2129 | D:3      | Killed Natasha
  2227 | D:3      | Reached XP level 6. HP: 27/50 MP: 5/13
  2482 | D:5      | Entered Level 5 of the Dungeon
  2510 | D:5      | Reached skill level 5 in Fighting
  2510 | D:5      | Reached skill level 5 in Maces & Flails
  2510 | D:5      | Reached skill level 5 in Dodging
  2534 | D:6      | Noticed a black bear
  2565 | D:6      | Killed a black bear
  2576 | D:6      | Reached XP level 7. HP: 34/56 MP: 8/15
  2638 | D:6      | Found a glowing drain.
  2694 | Sewer    | Entered a sewer
  2764 | Sewer    | Noticed Purgy
  2776 | Sewer    | Killed Purgy
  2965 | D:4      | Noticed Duvessa
  2975 | D:4      | Noticed Dowan
  3171 | D:4      | Noticed a yak
  3197 | D:4      | Noticed Robin
  3208 | D:4      | Killed Robin
  3224 | D:4      | Noticed a yak
  3224 | D:4      | Noticed a yak
  3229 | D:4      | Noticed a yak
  3230 | D:4      | Reached XP level 8. HP: 60/63 MP: 3/16
  3240 | D:4      | Killed a yak
  3257 | D:4      | Killed Duvessa
  3270 | D:4      | Killed a yak
  3275 | D:4      | Killed Dowan
  3285 | D:4      | Killed a yak
  3294 | D:4      | Killed a yak
  3420 | D:4      | Noticed Ijyb
  3431 | D:4      | Killed Ijyb
  3642 | D:4      | Found a blossoming altar of Fedhas.
  3688 | D:4      | Reached XP level 9. HP: 69/69 MP: 18/18
  3939 | D:5      | Found a staircase to the Ecumenical Temple.
  3964 | Temple   | Entered the Ecumenical Temple
  3990 | Temple   | Became a worshipper of Lugonu the Unformed
  3990 | Temple   | Reached * piety under Lugonu
  4247 | D:5      | Found a shimmering altar of Xom.
  4247 | D:5      | Found a burning altar of Makhleb.
  4322 | D:5      | Slain by a gnoll

Skill      XL: |  1  2  3  4  5  6  7  8  9 |
---------------+----------------------------+-----
Spellcasting   | 5 6 |  6.4
Invocations    | 1 2 3 4 |  4.3
Short Blades   | 1 2 3 |  3.9
Long Blades    | 1 2 3 |  3.9
Axes           | 1 2 3 |  3.9
Polearms       | 1 2 3 |  3.9
Staves         | 1 2 3 |  3.9
Slings         | 1 2 3 |  3.9
Bows           | 1 2 3 |  3.9
Crossbows      | 1 2 3 |  3.9
Throwing       | 1 2 3 |  3.9
Stealth        | 1 2 3 |  3.9
Shields        | 1 2 3 |  3.9
Unarmed Combat | 1 2 3 |  3.9
Evocations     | 1 2 3 |  3.9
Conjurations   | 1 2 3 |  3.2
Hexes          | 1 2 3 |  3.2
Summonings     | 1 2 3 |  3.2
Necromancy     | 1 2 3 |  3.2
Translocations | 1 2 3 |  3.2
Transmutations | 1 2 3 |  3.2
Fire Magic     | 1 2 3 |  3.2
Ice Magic      | 1 2 3 |  3.2
Air Magic      | 1 2 3 |  3.2
Earth Magic    | 1 2 3 |  3.2
Poison Magic   | 1 2 3 |  3.2
Armour         | 3 4 |  4.8
Fighting       | 5 6 |  6.1
Maces & Flails | 5 6 |  6.1
Dodging        | 5 6 |  6.1
Charms         | 6 |  6.4

Action                   |  1- 3 |  4- 6 |  7- 9 || total
-------------------------+-------+-------+-------++-------
Melee: Mace              |    81 |       |       ||    81
       Bite              |     7 |     8 |    16 ||    31
       Flail             |    18 |       |   139 ||   157
       Short sword       |    11 |   116 |    63 ||   190
       Punch             |       |     1 |       ||     1
Throw: Stone             |     1 |     1 |       ||     2
 Cast: Infusion          |    11 |    11 |     8 ||    30
       Spectral Weapon   |     1 |    11 |    12 ||    24
       Shroud of Golubri |     1 |       |     1 ||     2
       Song of Slaying   |       |     4 |     3 ||     7
       Regeneration      |       |     2 |     2 ||     4
 Abil: Evoke Flight      |       |       |     1 ||     1
  Use: Scroll            |       |     8 |     1 ||     9
       Potion            |       |       |     4 ||     4
 Stab: Sleeping          |     2 |     2 |     3 ||     7
       Distracted        |     1 |     1 |     1 ||     3
  Eat: Chunk             |     1 |     6 |     6 ||    13
Armor: Leather armour    |    50 |    35 |    37 ||   122
       Skin              |       |       |    24 ||    24
Dodge: Dodged            |   151 |    95 |   109 ||   355
Block: Buckler           |       |       |    37 ||    37
